 Dungeon Crawl Stone Soup version 0.18.1-50-g88ac8fd (webtiles) character file.

48 Nordron the Changer (level 3, -1/31 HPs)
             Began as a Naga Transmuter on Sept 30, 2016.
             Slain by a worm (5 damage)
             ... on level 2 of the Dungeon.
             The game lasted 00:05:10 (1770 turns).

Nordron the Changer (Naga Transmuter)               Turns: 1770, Time: 00:05:11

Health: -1/31      AC:  2    Str: 12    XL:     3   Next: 72%
Magic:  5/6        EV: 10    Int: 13    God:
Gold:   56         SH:  0    Dex: 12    Spells: 1 memorised, 5 levels left

rFire  . . .     SeeInvis +     g - +0 short sword
rCold  . . .     Gourm    .     b - +0 robe
rNeg   . . .     Faith    .     (no shield)
rPois  +         Spirit   .     (no helmet)
rElec  .         Dismiss  .     (no cloak)
rCorr  .         Reflect  .     (no gloves)
SustAt .         Harm     .     (no barding)
MR     .....                    (no amulet)
Stlth  +.........               (no ring)
                                (no ring)

@: appendage, very slow, not resistant to hostile enchantments, very unstealthy
A: horns 2, see invisible, deformed body, poison resistance, slowness 2, slow
metabolism 1, spit poison 2, AC +1
a: Spit Poison, End Transformation


You were on level 2 of the Dungeon.
You were not hungry.
You had grown temporary horns.
You visited 1 branch of the dungeon, and saw 2 of its levels.

You collected 56 gold pieces.

Inventory:

Hand Weapons
 g - a +0 short sword (weapon)
Missiles
 a - 34 arrows
Armour
 b - a +0 robe (worn)
Jewellery
 i - a +5 ring of intelligence {unknown}
Scrolls
 j - a scroll of noise {unknown}
 k - a scroll of random uselessness {unknown}
Potions
 e - a potion of flight {unknown}
Books
 c - a book of Changes

   Spells                             Type                      Level
   a - Beastly Appendage              Transmutation                1
   b - Sticks to Snakes               Transmutation                2
   c - Spider Form                    Transmutation/Poison         3
   d - Ice Form                       Ice/Transmutation            4
   e - Blade Hands                    Transmutation                5
Comestibles
 d - 2 bread rations
 f - a slice of pizza
 h - a meat ration
 l - 2 chunks of flesh


   Skills:
 - Level 1.0 Fighting
 - Level 1.5 Dodging
 - Level 3.0 Unarmed Combat
 - Level 2.0 Spellcasting
 * Level 3.9 Transmutations


You had 5 spell levels left.
You knew the following spells:

 Your Spells              Type           Power        Failure   Level  Hunger
a - Beastly Appendage     Trmt           ##....       8%          1    ##.....


Dungeon Overview and Level Annotations

Branches:
Dungeon (2/15)

Altars:


Innate Abilities, Weirdness & Mutations

You cannot wear boots.
Your serpentine skin is tough (AC +1).
You have supernaturally acute eyesight.
Armour fits poorly on your strangely shaped body.
Your system is resistant to poisons.
You cover ground very slowly.
You have a slow metabolism.
You can spit poison.
You have a pair of horns on your head.


Message History

You hit the worm.
The worm is heavily wounded.
The worm bites you!
You hit the worm but do no damage.
The worm is heavily wounded.
The worm barely misses you.
You hit the worm. You headbutt the worm.
The worm is severely wounded.
You hit the worm but do no damage.
The worm is severely wounded.
The worm bites you!
* * * LOW HITPOINT WARNING * * *
You hit the worm.
The worm is almost dead.
Your horns disappear.
A giant gecko comes into view.
Casting: Beastly Appendage
Confirm with . or Enter, or press ? or * to list all spells.
You grow a pair of large bovine horns.
The worm bites you.
You die...

#......'...#......
#......#...#.......
########)..#.......
#........#......
#....l.###. ...
###...........
#....(........
#...#.......##
#.@.#.........
#..w..........#
###†..........#
#....####... #....#
.. #....# #....#
.....# .....#


You could see a worm and a giant gecko.

Vanquished Creatures
  An adder (D:2)
  3 dart slugs (D:1)
  2 giant geckos (D:1)
  A giant cockroach (D:1)
  4 goblins
  7 hobgoblins
  2 ball pythons (D:1)
  2 bats (D:1)
  3 giant newts
  5 kobolds (D:1)
  A rat (D:1)
31 creatures vanquished.

Notes
Turn   | Place    | Note
--------------------------------------------------------------
     0 | D:1      | Nordron the Naga Transmuter began the quest for the Orb.
     0 | D:1      | Reached XP level 1. HP: 18/18 MP: 3/3
   225 | D:1      | Reached XP level 2. HP: 23/25 MP: 3/5
   790 | D:1      | Reached XP level 3. HP: 31/31 MP: 4/6
  1770 | D:2      | Slain by a worm

Skill      XL: |  1  2 |
---------------+-------+-----
Transmutations | 3 |  3.9
Fighting       | |  1.0
Dodging        | |  1.5
Unarmed Combat | |  3.0
Spellcasting   | |  2.0

Action                   || total
-------------------------++-------
Melee: Unarmed           ||    11
       Short sword       ||   113
       Headbutt          ||    13
 Cast: Beastly Appendage ||    28
  Eat: Chunk             ||     2
Armor: Robe              ||    14
Dodge: Dodged            ||    69
